 Dungeon Crawl Stone Soup version 0.17.1-2-g5865329 (webtiles) character file.

66 Gottschkopf the Ruffian (level 3, 0/28 HPs)
             Began as a Draconian Transmuter on Feb 2, 2016.
             Slain by a scorpion (1 damage)
             ... on level 3 of the Dungeon.
             The game lasted 00:11:28 (2122 turns).

Gottschkopf the Ruffian (Draconian Transmuter)      Turns: 2122, Time: 00:11:28

Health: 0/28       AC:  5    Str: 12    XL:     3   Next: 96%
Magic:  6/6        EV: 12    Int: 14    God:
Gold:   56         SH:  0    Dex: 11    Spells: 3 memorised, 0 levels left

rFire  + . .     SeeInvis .       - Unarmed
rCold  . . .     Clarity  .     (armour unavailable)
rNeg   . . .     SustAt   .     (no shield)
rPois  .         Gourm    .     (helmet restricted)
rElec  .         Spirit   .     (no cloak)
rCorr  .         Warding  .     (no gloves)
rMut   .         Stasis   .     (no boots)
MR     .....                    g - amulet of regeneration
Stlth  +.........               (no ring)
                                p - ring of protection from fire

@: lethally poisoned (0 -> -1), appendage (expiring), not resistant to hostile
enchantments, very unstealthy
A: unfitting armour, horns 2, cold-blooded, AC +5
a: End Transformation


You were on level 3 of the Dungeon.
You were very hungry.
You had grown temporary horns.
You visited 1 branch of the dungeon, and saw 3 of its levels.

You collected 56 gold pieces.

Inventory:

Missiles
 a - 35 arrows
Jewellery
 g - an amulet of regeneration (around neck)
 p - a ring of protection from fire (left hand)
Scrolls
 d - a scroll of teleportation {unknown}
 k - a scroll of blinking {unknown}
 l - a scroll of remove curse
Potions
 e - a potion of cancellation {unknown}
 f - a potion of agility {unknown}
 i - 2 potions of cure mutation {unknown}
 j - 2 potions of heal wounds {unknown}
 o - a potion of poison {unknown}
Books
 b - a book of Changes

   Spells                             Type                      Level
   a - Beastly Appendage              Transmutation                1
   b - Sticks to Snakes               Transmutation                2
   c - Spider Form                    Transmutation/Poison         3
   d - Ice Form                       Ice/Transmutation            4
   e - Blade Hands                    Transmutation                5
Comestibles
 c - 3 bread rations
 h - 2 meat rations
 n - a beef jerky


   Skills:
 + Level 1.3 Fighting
 + Level 2.9 Dodging
 + Level 3.3 Unarmed Combat
 * Level 2.4 Spellcasting
 + Level 2.5 Transmutations


You couldn't memorise any spells.
You knew the following spells:

 Your Spells              Type           Power        Failure   Level  Hunger
a - Beastly Appendage     Trmt           #.....       10%         1    #......
b - Sticks to Snakes      Trmt           #.........   14%         2    ###....
c - Spider Form           Trmt/Pois      #.........   47%         3    ###....


Dungeon Overview and Level Annotations

Branches:
Dungeon (3/15)

Altars:
The Shining One


Innate Abilities, Weirdness & Mutations

Your plain brown scales are hard (AC +5).
Your body does not fit into most forms of armour.
You are cold-blooded and may be slowed by cold attacks.
You have a pair of horns on your head.


Message History

You closely miss the scorpion. Your headbutt misses the scorpion.
You tail-slap the scorpion, but do no damage.
The scorpion is lightly wounded.
The scorpion stings you.
You are poisoned.
The scorpion poisons you!
You hit the scorpion. Your headbutt misses the scorpion.
Your tail-slap misses the scorpion.
The scorpion is moderately wounded.
You feel sick. The scorpion closely misses you.
You hit the scorpion.
You headbutt the scorpion, but do no damage.
The scorpion is moderately wounded.
You feel sick. The scorpion stings you!
* * * LOW HITPOINT WARNING * * *
You hit the scorpion.
The scorpion is heavily wounded.
Your transformation is almost over.
The scorpion stings you.
You die...

####.# # #.# #.# #
.....# ##.###.# .#
####.# ##...##.# .# .
##.#.##.....#.##.##..
#..#.................
#.#####.............#
#..............#
########.#.###.#
#.#.# #@# #.#.# #s#
#.#.# #.# #.#.# ..#
#.#.# ### #.#.# #.#..


You could see a scorpion.

Vanquished Creatures
  3 adders
  8 bats
  A giant cockroach (D:2)
  9 hobgoblins
  2 quokkas (D:2)
  A ball python (D:2)
  4 goblins (D:1)
  4 kobolds
  4 rats
36 creatures vanquished.

Notes
Turn   | Place    | Note
--------------------------------------------------------------
     0 | D:1      | Gottschkopf the Draconian Transmuter began the quest for the Orb.
     0 | D:1      | Reached XP level 1. HP: 16/16 MP: 3/3
   260 | D:1      | Reached XP level 2. HP: 17/23 MP: 3/5
  1303 | D:2      | Reached XP level 3. HP: 19/28 MP: 4/6
  1470 | D:2      | Learned a level 2 spell: Sticks to Snakes
  1474 | D:2      | Learned a level 3 spell: Spider Form
  1668 | D:2      | Found a glowing golden altar of the Shining One.
  2110 | D:3      | Noticed a scorpion
  2121 | D:3      | HP: 1/28 [scorpion (9)]
  2122 | D:3      | Slain by a scorpion

Action                   || total
-------------------------++-------
Melee: Unarmed           ||   163
 Cast: Beastly Appendage ||    20
  Use: Scroll            ||     5
  Eat: Chunk             ||     3
